 Dungeon Crawl Stone Soup version 0.31.0-11-ge490571c62 (webtiles) character file.

Game seed: 6922625421737009866

937901 Wjakstry the Conqueror (level 27, -9/245 HPs)
             Began as a Minotaur Berserker on Jan 25, 2024.
             Was the Champion of Trog.
             Mangled by a reaper
             ... wielding a +3 heavy scythe
              (31 damage)
             ... in the Vestibule of Hell on Jan 27, 2024.
             The game lasted 09:26:49 (85924 turns).

Wjakstry the Conqueror (Minotaur Berserker)        Turns: 85924, Time: 09:26:50

Health: -9/245     AC: 52    Str: 36    XL:     27
Magic:  7/7        EV: 19    Int:  6    God:    Trog [******]
Gold:   5012       SH: 37    Dex: 15    Spells: 26/26 levels left

rFire   + . .        a - +9 broad axe (antimagic)
rCold   + + .        b - +8 tower shield of the Tundras {Str+5}
rNeg    . . .        J - +12 gold dragon scales
rPois   +            u - +2 hood of the Assassin {Detect Stab+ Stlth++}
rElec   .            U - +1 cloak of Gozag, Destroying {Will+ Regen+ Slay+3}
rCorr   .            n - +2 pair of gloves "Fougentiune" {Regen+}
SInv    +            Z - +2 pair of boots {Fly}
Will    +++..        T - amulet of reflection Stlth
                     c - ring of protection from cold
HPRegen 2.20/turn    v - ring of see invisible
MPRegen 0.10/turn

%: reflection
@: flying, hasted and slowed, studying Long Blades
A: horns 2, retaliatory headbutt, thin skeletal structure 1, frail 1, poison
resistance, inability to read after injury 2
}: 10/15 runes: serpentine, barnacled, slimy, silver, abyssal, demonic, glowing,
magical, fiery, dark
a: Renounce Religion, Berserk, Trog's Hand, Brothers in Arms


You were in the Vestibule of Hell.
You worshipped Trog.
Trog was exalted by your worship.
You visited 11 branches of the dungeon, and saw 52 of its levels.
You visited Pandemonium 3 times, and saw 22 of its levels.
You visited the Abyss 8 times.
You visited 1 bazaar.
You visited 1 ziggurat, and saw 13 of its levels.
You also visited: Trove.

You collected 12109 gold pieces.
You spent 7097 gold pieces at shops.

Inventory:

Hand Weapons
 a - a +9 antimagic broad axe (weapon)
 l - the +10 broad axe of the Undead {flame, rElec Str+4 Int-4 Stlth-}
   (Trog gifted it to you on level 11 of a ziggurat)

   Str+4:     It affects your strength (+4).
   Int-4:     It affects your intelligence (-4).
   rElec:     It insulates you from electricity.
   Stlth-:    It makes you less stealthy.
Missiles
 E - 3 throwing nets
Armour
 b - the +8 tower shield of the Tundras (worn) {Str+5}
   (You acquired it on level 3 of the Vaults)

   Str+5:     It affects your strength (+5).
 n - the +2 pair of gloves "Fougentiune" (worn) {Regen+}
   (You acquired it on level 3 of the Lair of Beasts)

   Regen+:    It increases your rate of health regeneration.
 u - the +2 hood of the Assassin (worn) {Detect Stab+ Stlth++}
   (You found it on level 4 of a ziggurat)

   Detect:    It allows the wearer to sense nearby creatures.
   Stab+:     It allows the wearer to make particularly effective stabbing
   attacks against helpless or unaware enemies with any weapon.
   Stlth++:   It makes you much more stealthy.
 J - +12 gold dragon scales (worn)
 U - the +1 cloak of Gozag, Destroying (worn) {Will+ Regen+ Slay+3}
   (You acquired it on level 3 of the Lair of Beasts)

   Slay+3:    It affects your accuracy & damage with ranged weapons and melee
   (+3).
   Will+:     It increases your willpower.
   Regen+:    It increases your rate of health regeneration.
 Y - the +1 pair of gloves "Ontaeh" {rF++}
   (You found it on level 8 of a ziggurat)

   rF++:      It greatly protects you from fire.
 Z - a +2 pair of boots of flying (worn)
Jewellery
 c - a ring of protection from cold (left hand)
 m - a ring of willpower
 r - a ring of positive energy
 v - a ring of see invisible (right hand)
 w - the ring "Niruorgho" {rElec rF++ rC- Int+6 Dex+5}
   (You found it on level 11 of a ziggurat)

   [ring of intelligence]

   Int+6:     It affects your intelligence (+6).
   Dex+5:     It affects your dexterity (+5).
   rF++:      It greatly protects you from fire.
   rC-:       It makes you vulnerable to cold.
   rElec:     It insulates you from electricity.
 x - a ring of willpower
 z - the ring "Erphes" {rPois Str+3 Slay+3}
   (You acquired it on level 3 of the Elven Halls)

   [ring of poison resistance]

   Str+3:     It affects your strength (+3).
   Slay+3:    It affects your accuracy & damage with ranged weapons and melee
   (+3).
   rPois:     It protects you from poison
 G - a ring of resist corrosion
 H - the amulet of Cedu {Rampage Fly rPois Regen+ Slay+2}
   (You found it on level 5 of the Pits of Slime)

   [amulet of regeneration]

   Slay+2:    It affects your accuracy & damage with ranged weapons and melee
   (+2).
   rPois:     It protects you from poison Fly: It grants you flight.
   Regen+:    It increases your rate of health regeneration.
   Rampage:   It bestows one free step when moving towards enemies.
 O - a ring of protection from fire
 R - a ring of protection from cold
 T - an amulet of reflection (around neck)
Wands
 y - a wand of roots (79)
 K - a wand of digging (27)
 M - a wand of mindburst (50)
 W - a wand of paralysis (8)
Scrolls
 d - 9 scrolls of poison
 f - 10 scrolls of immolation
 g - 15 scrolls of fear
 j - 9 scrolls of brand weapon
 k - 19 scrolls of teleportation
 o - 3 scrolls of blinking
 A - 15 scrolls of fog
 C - 15 scrolls of vulnerability
 F - 7 scrolls of torment
 Q - 11 scrolls of revelation
 S - 3 scrolls of butterflies
Potions
 e - a potion of resistance
 h - 2 potions of haste
 i - a potion of might
 p - 5 potions of enlightenment
 q - 37 potions of curing
 t - 2 potions of berserk rage
 B - 4 potions of invisibility
 I - 6 potions of lignification
 L - 2 potions of ambrosia
 N - 5 potions of heal wounds
Miscellaneous
 s - a condenser vane
 D - a phial of floods
 P - a sack of spiders
 V - a phantom mirror
 X - a lightning rod (4/4)


   Skills:
 O Level 27 Fighting
 - Level 18.0 Axes
 + Level 24.5 Throwing
 O Level 27 Armour
 + Level 25.1 Dodging
 - Level 25.0 Shields
 + Level 23.3 Evocations


You had 26 spell levels left.
You didn't know any spells.
Your spell library was empty.

Dungeon Overview and Level Annotations

Branches:
Dungeon (15/15)            Temple (0/1) D:6            Lair (5/5) D:10
 Shoals (4/4) Lair:3        Snake (4/4) Lair:2        Slime (5/5) Lair:5
    Orc (2/2) D:11            Elf (3/3) Orc:2        Vaults (5/5) D:13
  Crypt (0/3) Vaults:3     Depths (4/4) D:15           Hell (1/1)
    Zot (4/5) Depths:4
    Dis: Hell:1         Geh: Hell:1         Coc: Hell:1         Tar: Hell:1

Altars:
Gozag
Nemelex Xobeh
Okawaru
Qazlal
Ru
Sif Muna
Vehumet

Shops:
D:11 (   Orc:1 [   Orc:2 :*([   Elf:3 :?   Vaults:4 !   Vaults:5 !?=!??=???[
Depths:1 (([![   Depths:3 [

Portals:
Hell: Depths:1 Depths:2 Depths:3 Depths:4
Abyss: Depths:3
Pandemonium: Depths:1 Depths:2 Depths:4

Annotations:
D:13 3 transporters
Hell Geryon, Murray


Innate Abilities, Weirdness & Mutations

You have a pair of horns on your head.
You reflexively headbutt those who attack you in melee.
You have a somewhat thin skeletal structure. (Dex +2, Stealth+)
You are frail. (-10% HP)
Your system is resistant to poisons. (rPois)
You sometimes lose the ability to read scrolls when taking damage.


Message History

A hell hound comes into view.
You block the hell hog's attack.
The reaper shouts, "You must die NOW!"
You block the reaper's attack. You block the hell knight's attack. x2
Your life force feels restored.
You cut the tentacled monstrosity into ribbons!!!
You kill the tentacled monstrosity!
Trog accepts your kill.
You slice the hell hog!! You slash the hell beast! You slash the reaper!
You slice the freezing wraith!!
You destroy the freezing wraith!
Trog accepts your kill.
You slash the ice dragon!
You kill the ice dragon!
Trog accepts your kill.
Geryon winds a great silver horn.
A hell knight comes into view. It is wielding a +2 heavy demon whip.
A hell knight comes into view.
It is wielding a +5 scimitar of flaming.
The hell knight utters an invocation to its god.
The hell knight seems to speed up.
You block the hell knight's attack. You block the reaper's attack.
The hell knight calls down the wrath of its god upon you.
The bolt of fire hits the hell hog.
The hell hog completely resists.
The bolt of fire hits you! You resist.
* * * LOW HITPOINT WARNING * * *
The bolt of fire hits the hell knight.
The hell knight completely resists.
The hell knight misses you.
A hell hog comes into view.
You block the hell knight's attack. x4
Murray calls on the powers of darkness!
The hell knight convulses! x7; The necromancer convulses!
Your body is wracked with pain!
* * * LOW HITPOINT WARNING * * *
The hell knight convulses! x2
The hell knight utters an invocation to its god.
The hell knight seems to speed up.
The hell knight utters an invocation to its god.
The hell knight seems to speed up.
The reaper hits you with a +3 heavy scythe!!
You die...

....... .......
................
................p
..............z..
.................
.......pp2Z....Wp
.......ph#2p.....
........h@p.p....
......p#p#p#.....
......r2###.. ...
.....#2## #D# .
...,.2p§ ... .


.phZ. ... ....&.., .h. ....... ... ....§.. You could see Geryon, Murray, an ice
dragon, 2 hell beasts, 2 reapers, 12 hell knights, 3 hell hogs, a freezing
wraith, a necromancer, a hell hound, a hell rat, a six-headed hydra simulacrum
and a seven-headed hydra zombie.

Vanquished Creatures
  Cerebov (Pan)
  the Royal Jelly (Slime:5)
  Mnoleg (Pan)
  Gloorx Vloq (Pan)
  2 dread liches (Vaults:5)
  Frederick (Vaults:3)
  4 ancient liches
  3 orbs of fire
  2 juggernauts (Depths:4)
  Mennas (Pan)
  4 Killer Klowns
  Vv (Depths:3)
  A shard shrike (Zot:1)
  Margery (Vaults:2)
  Vashnia (Snake:2)
  Saint Roka (Vaults:4)
  2 caustic shrikes
  Jory (Depths:4)
  13 golden dragons
  4 bone dragons
  the Enchantress (D:15)
  The ghost of vegansnacktivist the Executioner, an adept DDFi of Makhleb (Vaults:1)
  4 pandemonium lords (Pan)
  An electric golem (Zot:2)
  2 Tzitzimimeh (Pan)
  3 Brimstone Fiends (Pan)
  Rupert (Lair:4)
  A hellephant (Vaults:2)
  17 tentacled monstrosities
  6 liches
  5 Ice Fiends (Pan)
  Jorgrun (Shoals:1)
  A walking frostbound tome (Depths:3)
  3 Hell Sentinels
  7 quicksilver dragons
  4 deep elf blademasters (Elf:3)
  Asterion (Snake:2)
  4 deep elf master archers (Elf:3)
  3 krakens
  6 titans
  28 Executioners
  An eldritch tentacle (Pan)
  Polyphemus (Shoals:4)
  10 sphinxes
  19 acid blobs
  10 death cobs
  8 tengu reavers
  3 storm dragons
  18 tentacled starspawn
  Kirke (Lair:3)
  6 shadow dragons
  Aizul (Snake:3)
  Donald (Shoals:1)
  12 azure jellies
  15 rockslimes
  3 fenstrider witches
  9 demonspawn warmongers (Pan)
  15 draconian monks
  5 deep elf sorcerers
  17 draconian knights
  2 daevas
  An emperor scorpion (Zig:11)
  3 nagarajas
  4 protean progenitors (Pan)
  12 frost giants
  An iron dragon (Depths:3)
  5 draconian scorchers
  16 draconian shifters
  23 balrugs
  Louise (Snake:3)
  11 fire giants
  5 draconian stormcallers
  4 deep elf elementalists (Elf:3)
  6 ghost moths
  15 vault wardens
  13 draconian annihilators
  6 demonspawn blood saints (Pan)
  35 cacodemons (Pan)
  2 angels (Abyss:3)
  19 stone giants
  2 curse skulls (Pan)
  14 ironbound preservers
  26 reapers
  6 demonspawn corrupters
  12 quicksilver oozes
  43 very ugly things
  6 orc warlords
  2 ophanim
  A broodmother (Zig:11)
  4 juggernaut skeletons (Pan)
  7 spriggan defenders
  6 caustic shrike skeletons (Pan)
  11 ironbound thunderhulks
  8 demonspawn black suns (Pan)
  An apis (Zig:1)
  5 formless jellyfish
  5 deep elf demonologists
  13 green draconians
  3 minotaurs
  A putrid mouth (Hell)
  3 war gargoyles (Vaults:5)
  3 vampire knights
  The ghost of Kapsuk the Devastator, a journeyman DECj of Sif Muna (D:14)
  21 yellow draconians
  25 red draconians
  4 deep elf death magi
  10 black draconians
  4 dire elephants
  9 deep elf annihilators
  9 lorocyprocas
  22 white draconians
  14 purple draconians
  9 merfolk impalers
  15 green deaths
  2 crystal guardians
  20 ettins
  9 spark wasps
  19 blizzard demons
  10 fire dragons
  An entropy weaver (shapeshifter) (D:14)
  2 entropy weavers (Zig:11)
  11 yaktaur captains
  4 deep elf high priests
  18 great orbs of eyes
  A radroach (Zig:11)
  11 rakshasas
  4 salamander tyrants
  29 vault guards
  3 ogre magi
  5 hydras
  2 peacekeepers
  2 alligator snapping turtles
  5 spriggan air magi
  9 ironbound frosthearts
  3 catoblepae
  11 ice dragons
  7 anacondas
  7 hell beasts
  Erica (D:8)
  15 centaur warriors
  24 death yaks
  3 jorogumos (Pan)
  2 alligators (Zig:7)
  28 dancing weapons
  2 merfolk avatars
  5 tengu warriors
  4 deep troll shamans
  A two-headed ogre (shapeshifter) (Depths:3)
  7 boulder beetles
  8 naga warriors
  10 merfolk aquamancers
  8 two-headed ogres
  A death knight (D:12)
  4 satyrs
  2 occultists (Depths:2)
  A demonic crawler (Pan)
  A shock serpent (shapeshifter) (Vaults:5)
  7 spriggan berserkers
  7 deep troll earth magi
  3 hell hogs
  The ghost of Swimmer the Gouger, a journeyman FeBe of Trog (D:13)
  19 soul eaters
  2 vampire magi
  7 orc high priests
  4 shock serpents
  Sonja (D:11)
  4 hellephant skeletons (Pan)
  14 deep elf knights
  22 thrashing horrors
  86 sun demons
  11 hell knights
  10 iron trolls
  14 naga sharpshooters
  A shadow wraith (Vaults:5)
  A bunyip zombie (Abyss:3)
  6 skysharks
  3 pharaoh ants (Zig:11)
  4 skeletal warriors
  Amaemon (Lair:1)
  40 sixfirhies
  A fire crab (shapeshifter) (Vaults:4)
  17 wretched stars
  10 salamander mystics
  2 flayed ghosts
  A fire crab (Lair:5)
  A spatial maelstrom (Depths:3)
  A swamp dragon (Zig:7)
  22 shadow demons (Pan)
  12 sea snakes
  2 deep trolls (shapeshifter)
  A swamp dragon (shapeshifter) (Elf:2)
  14 sun moths (Pan)
  56 large abominations
  9 arcanists
  A sea snake (shapeshifter) (Depths:2)
  7 glowing orange brains
  10 mana vipers
  66 deep trolls
  4 phantasmal warriors (Vaults:5)
  9 deep elf archers
  A bog body (Zig:7)
  11 lindwurms
  An anaconda skeleton (Abyss:3)
  23 harpies
  5 naga ritualists
  A lightning spire (Abyss:4)
  An orange crystal statue (Depths:2)
  11 ironbound convokers
  6 orc knights
  27 deep elf pyromancers
  8 shining eyes
  10 necromancers
  45 ugly things
  22 deep elf zephyrmancers
  2 will-o-the-wisps
  10 manticores
  21 fauns
  8 orc sorcerers
  6 wolf spiders
  4 cyclopes
  A stone giant zombie (Depths:1)
  An oklob plant (Abyss:5)
  2 worldbinders (Abyss:3)
  18 salamanders
  5 kobold blastminers
  An iron dragon skeleton (Depths:1)
  4 rust devils
  29 moths of wrath
  5 guardian serpents
  A stone giant skeleton (Depths:1)
  36 black mambas
  2 naga zombies (Abyss:3)
  9 merfolk sirens
  2 eyes of devastation
  5 apocalypse crabs
  A fire giant skeleton (Depths:1)
  15 vault sentinels
  12 naga magi
  10 elephants
  3 molten gargoyles (Lair:5)
  3 gargoyles
  4 torpor snails
  15 cane toads
  42 smoke demons
  8 water nymphs
  6 unseen horrors
  30 orange demons
  10 hellions
  6 rime drakes
  26 yaktaurs
  An ice devil (Pan)
  10 tormentors (Pan)
  3 tengu conjurers
  A rime drake (shapeshifter) (Abyss:3)
  8 freezing wraiths
  7 efreet
  10 komodo dragons
  A guardian mummy (Elf:1)
  7 red devils (Pan)
  15 trolls
  12 ancient zymes
  A merfolk (shapeshifter) (Vaults:5)
  A polar bear (shapeshifter) (D:13)
  14 hornets
  16 merfolk
  A tyrant leech (Zig:7)
  22 hellwings (Pan)
  8 wind drakes
  5 glass eyes
  7 polar bears
  A tarantella (Zig:11)
  14 blink frogs
  7 snapping turtles
  37 raiju
  A snapping turtle (shapeshifter) (Vaults:5)
  3 dream sheep (Lair:4)
  Sigmund (D:5)
  3 air elementals
  2 jumping spiders (Zig:11)
  15 spriggans
  6 wraiths
  2 shadows
  33 ynoxinuls
  105 slime creatures
  A spriggan (shapeshifter) (D:13)
  14 water elementals
  3 basilisks
  4 wyverns
  Eustachio (D:5)
  A fire bat (Abyss:1)
  5 hogs (Lair:3)
  A steam dragon (Lair:3)
  A fire elemental (Elf:2)
  Grum (Lair:1)
  50 yaks
  11 golden eyes
  Menkaure (D:4)
  3 wargs
  3 vampire mosquitoes
  21 chaos spawn
  26 neqoxecs
  47 nagas
  Edmund (D:5)
  4 hell hounds
  An acid dragon (D:14)
  14 water moccasins
  Duvessa (D:4)
  58 orc warriors
  An ice beast (D:7)
  16 ogres
  A redback (shapeshifter) (Vaults:5)
  16 laughing skulls
  2 spriggan simulacra
  3 boggarts
  12 small abominations
  17 wolves
  10 centaurs
  2 phantoms
  9 kobold brigands
  3 weeping skulls (Abyss:3)
  A brain worm (Abyss:3)
  A gnoll sergeant (D:9)
  10 bullfrogs
  4 earth elementals
  3 scorpions
  27 wights
  Dowan (D:4)
  3 killer bees (D:7)
  10 electric eels
  2 howler monkeys
  5 lava snakes (Lair:5)
  3 quasits
  8 jellies
  3 bombardier beetles
  A gnoll bouda (D:8)
  18 orc priests
  4 hounds
  73 starcursed masses
  3 iron imps
  2 sleepcaps (D:6)
  4 iguanas
  26 orc wizards
  11 hell rats (Hell)
  Robin (D:3)
  19 gnolls
  12 adders
  A shadow imp (Abyss:3)
  A white imp (D:7)
  4 ufetubi
  2 dart slugs (D:1)
  4 ribbon worms
  54 orcs
  4 bats
  13 endoplasms
  6 giant cockroaches
  20 goblins
  9 hobgoblins
  2 jackals (D:3)
  5 quokkas
  11 ball pythons
  2 frilled lizards
  10 kobolds
  4 rats
  An aspiring flesh (Pan)
  2 ball lightnings (Pan)
  2 lurking horrors (Abyss:3)
  36 starspawn tentacles
  8 tentacles
3382 creatures vanquished.

Vanquished Creatures (collateral kills)
  An acid blob (Slime:5)
  The ghost of Aldia the Summoner, an adept NaIE of Gozag (Snake:1)
  An azure jelly (Slime:5)
  An orc warlord (Orc:2)
  A deep elf annihilator (Elf:3)
  A blizzard demon (Pan)
  A spriggan air mage (Pan)
  A deep troll earth mage (Depths:4)
  A naga sharpshooter (Snake:3)
  2 deep trolls (Depths:4)
  An orc knight (Orc:2)
  An ugly thing (D:15)
  A black mamba (Snake:3)
  A cane toad (Lair:4)
  A yaktaur (D:11)
  A hornet (Lair:4)
  A glass eye (shapeshifter) (Depths:4)
  A wraith (D:11)
  A ynoxinul (Pan)
  A wyvern (Lair:4)
  A basilisk (Lair:4)
  An orc warrior (Orc:2)
  An orc priest (Orc:2)
  An orc (Orc:2)
25 creatures vanquished.

Vanquished Creatures (others)
  A pandemonium lord (Pan)
  2 titans (Pan)
  An eldritch tentacle (Pan)
  A nagaraja (Pan)
  A balrug (Pan)
  6 demonspawn blood saints (Pan)
  A deep elf annihilator (Pan)
  3 green deaths (Pan)
  A spriggan air mage (Pan)
  A merfolk aquamancer (Shoals:4)
  A naga warrior (Snake:1)
  A thrashing horror (Abyss:3)
  2 sixfirhies (Pan)
  2 sea snakes (Shoals:4)
  2 spriggan simulacra (Abyss:3)
  2 deep elf pyromancers
  2 fauns (Shoals:4)
  A deep elf zephyrmancer (Elf:2)
  13 large abominations (Abyss:3)
  A moth of wrath (Zot:4)
  3 smoke demons
  An orange demon (Pan)
  An anaconda simulacrum (Abyss:3)
  A red devil (Pan)
  2 wind drakes (Shoals:4)
  2 raiju (Abyss:3)
  A harpy skeleton (Abyss:3)
  2 ynoxinuls
  21 small abominations (Abyss:3)
  A neqoxec (Pan)
  A golden eye (shapeshifter) (Abyss:3)
  3 golden eyes (Abyss:3)
  A chaos spawn (Pan)
  A boggart (shapeshifter) (Abyss:3)
  A boggart (Vaults:3)
  A starcursed mass (Zig:12)
  An orc wizard (Orc:1)
  3 ufetubi (Abyss:3)
  23 ball lightnings (Pan)
  4 fire vortices (Pan)
  8 lurking horrors (Abyss:3)
  26 starspawn tentacles
  12 tentacles
165 creatures vanquished.

Grand Total: 3572 creatures vanquished

Notes
Turn   | Place    | Note
-------+----------+-------------------------------------------
     0 | D:1      | Wjakstry the Minotaur Berserker began the quest for the
                  | Orb.
     0 | D:1      | Reached XP level 1. HP: 19/19 MP: 0/0
   290 | D:1      | Reached XP level 2. HP: 27/27 MP: 1/1
   400 | D:1      | Found a faded altar of an unknown god.
   664 | D:1      | Reached XP level 3. HP: 31/33 MP: 2/2
   860 | D:1      | Reached ** piety under Trog
  1767 | D:3      | Reached XP level 4. HP: 40/40 MP: 3/3
  1959 | D:3      | Identified the +0 helmet of Bynamiqa {-Tele ^Contam rPois
                  | rN+++}
  1959 | D:3      | Noticed Robin
  1969 | D:3      | Killed Robin
  2064 | D:3      | Reached skill level 5 in Axes
  2149 | D:3      | Reached *** piety under Trog
  2527 | D:4      | Reached XP level 5. HP: 42/47 MP: 4/4
  2636 | D:4      | Noticed Dowan
  2637 | D:4      | Noticed Duvessa
  2677 | D:4      | Killed Dowan
  2737 | D:4      | Reached XP level 6. HP: 54/55 MP: 5/5
  2882 | D:4      | Killed Duvessa
  2883 | D:4      | Reached skill level 5 in Fighting
  3018 | D:4      | Noticed Menkaure
  3028 | D:4      | Killed Menkaure
  3029 | D:4      | Reached XP level 7. HP: 40/61 MP: 6/6
  3270 | D:5      | Entered Level 5 of the Dungeon
  3315 | D:4      | Reached skill level 5 in Armour
  3550 | D:5      | Noticed Edmund
  3564 | D:5      | Killed Edmund
  3697 | D:5      | Noticed Sigmund
  3704 | D:5      | Killed Sigmund
  3705 | D:5      | Reached skill level 5 in Dodging
  3705 | D:5      | Reached XP level 8. HP: 70/70 MP: 7/7
  3711 | D:5      | Noticed Eustachio
  3732 | D:5      | Killed Eustachio
  4154 | D:5      | Found a sparkling altar of Nemelex Xobeh.
  4564 | D:6      | Reached **** piety under Trog
  4721 | D:6      | Found a shimmering blue altar of Sif Muna.
  4722 | D:6      | Found a stormy altar of Qazlal.
  4946 | D:6      | Reached XP level 9. HP: 79/79 MP: 8/8
  5047 | D:6      | Found a staircase to the Ecumenical Temple.
  5304 | D:6      | Reached skill level 10 in Axes
  5348 | D:7      | Noticed an unseen horror
  5381 | D:7      | Killed an unseen horror
  5911 | D:8      | You fall into a shaft and drop 2 floors!
  5911 | D:10     | Entered Level 10 of the Dungeon
  6127 | D:10     | Reached XP level 10. HP: 90/90 MP: 9/9
  6283 | D:8      | Noticed Erica
  6292 | D:8      | Killed Erica
  6487 | D:8      | Noticed a two-headed ogre
  6519 | D:7      | Killed a two-headed ogre
  7269 | D:9      | Found an opulent altar of Gozag.
  7331 | D:9      | Reached XP level 11. HP: 93/97 MP: 10/10
  7465 | D:9      | Reached ***** piety under Trog
  7538 | D:9      | Reached skill level 10 in Fighting
  7848 | D:10     | Noticed a two-headed ogre
  7892 | D:10     | Killed a two-headed ogre
  7893 | D:10     | Reached skill level 1 in Shields
  8236 | D:10     | Found a staircase to the Lair.
  8423 | Lair:1   | Entered Level 1 of the Lair of Beasts
  8497 | Lair:1   | Noticed Grum
  8543 | Lair:1   | Reached skill level 10 in Armour
  8677 | Lair:1   | Noticed Amaemon
  8751 | Lair:1   | Killed Amaemon
  9061 | Lair:1   | Killed Grum
 10144 | Lair:2   | Found a staircase to the Snake Pit.
 10300 | Lair:2   | Reached XP level 12. HP: 101/110 MP: 11/11
 10608 | Lair:2   | Noticed a seven-headed hydra
 10609 | Lair:2   | Noticed a death yak
 10621 | Lair:2   | Killed a four-headed hydra
 10622 | Lair:2   | Reached skill level 15 in Axes
 10878 | Lair:2   | Received a gift from Trog
 10879 | Lair:2   | Reached skill level 5 in Shields
 11033 | Lair:2   | Noticed a death yak
 11066 | Lair:2   | Killed a death yak
 11067 | Lair:2   | Reached skill level 10 in Dodging
 11101 | Lair:2   | Noticed a death yak
 11134 | Lair:2   | Noticed a death yak
 11147 | Lair:2   | Killed a death yak
 11152 | Lair:2   | Killed a death yak
 11152 | Lair:2   | Killed a death yak
 11326 | Lair:3   | Noticed a boulder beetle
 11384 | Lair:3   | Killed a boulder beetle
 11431 | Lair:3   | Noticed Kirke
 11451 | Lair:3   | Killed Kirke
 11616 | Lair:3   | Found a staircase to the Shoals.
 11759 | Lair:3   | Noticed a death yak
 11759 | Lair:3   | Noticed a death yak
 11759 | Lair:3   | Noticed a death yak
 11759 | Lair:3   | Noticed a death yak
 11781 | Lair:3   | Killed a death yak
 11782 | Lair:3   | Noticed a death yak
 11785 | Lair:3   | Noticed a death yak
 11791 | Lair:3   | Killed a death yak
 11792 | Lair:3   | Reached XP level 13. HP: 118/118 MP: 12/12
 12381 | Lair:3   | You fall into a shaft and drop 1 floor!
 13031 | Lair:4   | Noticed Rupert
 13041 | Lair:4   | Killed Rupert
 13189 | Lair:4   | Identified the +0 helmet of Inevitability {Int+6}
 13646 | Lair:5   | Entered Level 5 of the Lair of Beasts
 13875 | Lair:5   | Found a staircase to the Slime Pits.
 13956 | Lair:5   | Reached XP level 14. HP: 52/129 MP: 13/13
 14295 | Lair:5   | Received a gift from Trog
 15280 | Lair:5   | Found a large runed translucent door.
 15281 | Lair:5   | Found a large runed translucent door.
 15509 | Lair:5   | Found an iron altar of Okawaru.
 16270 | D:11     | Found a staircase to the Orcish Mines.
 16656 | D:11     | Found Toicuano's Weapon Emporium.
 16742 | D:11     | Reached skill level 10 in Shields
 16910 | D:11     | Noticed Sonja
 16927 | D:11     | Killed Sonja
 18632 | Orc:1    | Entered Level 1 of the Orcish Mines
 19025 | Orc:2    | Entered Level 2 of the Orcish Mines
 19114 | Orc:1    | Found Wulial's Antique Armour Shoppe.
 19668 | Orc:2    | Found a staircase to the Elven Halls.
 19856 | Orc:2    | Identified the +8 war axe of Festooned Brawling {antimagic,
                  | ^Fragile rF+ Dex+4} (Trog gifted it to you on level 2 of
                  | the Orcish Mines)
 19856 | Orc:2    | Received a gift from Trog
 19930 | Orc:2    | Noticed an orc warlord
 19975 | Orc:2    | Killed an orc warlord
 19976 | Orc:2    | Reached XP level 15. HP: 89/139 MP: 4/14
 20765 | Orc:2    | Reached skill level 15 in Fighting
 20771 | Orc:2    | Found Noviviru's Book Shoppe.
 20922 | Orc:2    | Found Cisak's General Store.
 20928 | Orc:2    | Bought a scroll of torment for 133 gold pieces
 20928 | Orc:2    | Bought a scroll of blinking for 105 gold pieces
 20928 | Orc:2    | Bought a throwing net for 42 gold pieces
 20937 | Orc:2    | Found Meref's Antique Armour Shoppe.
 20953 | Orc:2    | Found Yrisas's Antique Weapon Shoppe.
 20989 | Orc:2    | Bought a shimmering plate armour for 840 gold pieces
 20989 | Orc:2    | Identified the +2 plate armour of the Land of Plenty {rPois
                  | rN+ Regen+} (You bought it in a shop on level 2 of the
                  | Orcish Mines)
 21058 | Orc:1    | Bought a pair of distressingly furry boots for 304 gold
                  | pieces
 21058 | Orc:1    | Identified the +0 pair of boots "Peguhy" {+Blink} (You
                  | bought it in a shop on level 1 of the Orcish Mines)
 21058 | Orc:1    | Bought a runed scarf for 256 gold pieces
 21231 | D:12     | Reached skill level 1 in Throwing
 21306 | D:12     | Reached skill level 1 in Evocations
 21842 | D:13     | Found a transporter.
 21844 | D:13     | Found a transporter.
 21845 | D:13     | Found a transporter.
 21846 | D:13     | Found a transporter.
 22170 | D:13     | Found a gate to the Vaults.
 22319 | D:13     | Noticed Swimmer's ghost (journeyman FeBe)
 22341 | D:13     | Found a runed translucent door.
 22676 | D:13     | Killed Swimmer's ghost
 22899 | D:14     | Noticed Kapsuk's ghost (journeyman DECj)
 22901 | D:14     | Noticed a fire giant
 23021 | D:14     | Found a sacrificial altar of Ru.
 23204 | D:14     | Found a runed translucent gate.
 23211 | D:14     | Found a runed translucent gate.
 23211 | D:14     | Found a runed translucent gate.
 23453 | D:14     | Identified the +4 plate armour "Aniloas" {Str+3}
 23534 | D:15     | Entered Level 15 of the Dungeon
 23728 | D:14     | Received a gift from Trog
 23874 | D:15     | Reached skill level 5 in Throwing
 24031 | D:15     | Reached skill level 5 in Evocations
 24295 | D:15     | Found a staircase to the Depths.
 24720 | Snake:1  | Entered Level 1 of the Snake Pit
 24807 | Snake:1  | Reached XP level 16. HP: 132/149 MP: 5/15
 25275 | Snake:1  | Found a runed translucent gate.
 25275 | Snake:1  | Found a runed translucent gate.
 25276 | Snake:1  | Found a runed translucent gate.
 25277 | Snake:1  | Noticed Aldia's ghost (adept NaIE)
 25500 | Snake:1  | Killed Aldia's ghost
 26413 | Snake:2  | Received a gift from Trog
 26529 | Snake:2  | Reached skill level 15 in Shields
 26868 | Snake:2  | Noticed Vashnia
 26937 | Snake:2  | Killed Vashnia
 27269 | Snake:3  | Noticed Louise
 27393 | Snake:3  | Noticed Asterion
 27406 | Snake:2  | Killed Asterion
 27580 | Snake:3  | Killed Louise
 28054 | Snake:3  | Identified the serpent talisman of Inevitability {rElec rN+
                  | Int+2}
 28054 | Snake:3  | Noticed Aizul
 28081 | Snake:3  | Killed Aizul
 28710 | Snake:4  | Entered Level 4 of the Snake Pit
 28871 | Snake:4  | Reached XP level 17. HP: 156/156 MP: 5/16
 29221 | Snake:4  | Reached skill level 10 in Throwing
 30153 | Snake:4  | Received a gift from Trog
 30465 | Snake:4  | Reached skill level 10 in Evocations
 31029 | Snake:4  | Got a serpentine rune of Zot
 31536 | Orc:2    | Bought a pair of glowing boots for 225 gold pieces
 31702 | Shoals:1 | Entered Level 1 of the Shoals
 32187 | Shoals:1 | Noticed Jorgrun
 32198 | Shoals:1 | Killed Jorgrun
 32432 | Shoals:1 | Noticed Donald
 32451 | Shoals:1 | Killed Donald
 32504 | Shoals:1 | Identified 3 scrolls of acquirement
 32529 | Shoals:1 | You are sucked into a shaft and drop 1 floor!
 32925 | Lair:3   | Acquired a manual of Shields
 32927 | Lair:3   | Acquired the +1 cloak of Gozag, Destroying {Will+ Regen+
                  | Slay+3}
 32941 | Lair:3   | Acquired the +2 pair of gloves "Fougentiune" {Regen+}
 33026 | Lair:3   | Gained mutation: You are clumsy. (Dex -2) [potion of
                  | mutation]
 33026 | Lair:3   | Gained mutation: You occasionally lose the ability to read
                  | scrolls when taking damage. [potion of mutation]
 33027 | Lair:3   | Lost mutation: You are clumsy. (Dex -2) [potion of
                  | mutation]
 33027 | Lair:3   | Lost mutation: You occasionally lose the ability to read
                  | scrolls when taking damage. [potion of mutation]
 33027 | Lair:3   | Gained mutation: You passively dampen the noise of your
                  | surroundings. [potion of mutation]
 33098 | Shoals:2 | Reached ****** piety under Trog
 33336 | Shoals:2 | Noticed a kraken
 33346 | Shoals:2 | Killed a kraken
 33438 | Shoals:2 | Received a gift from Trog
 33794 | Shoals:2 | Reached XP level 18. HP: 163/163 MP: 5/17
 34488 | Shoals:3 | Identified the amulet "Woeluxamun" {Spirit rPois rF- Str+2
                  | Stlth+}
 34802 | Shoals:4 | Entered Level 4 of the Shoals
 34810 | Shoals:4 | Identified the ring of Ybbai {Ice ^Drain Fly Will+}
 34812 | Shoals:4 | Noticed Polyphemus
 34888 | Shoals:4 | Received a gift from Trog
 34900 | Shoals:4 | Killed Polyphemus
 34985 | Shoals:4 | Got a barnacled rune of Zot
 35222 | Shoals:4 | Found the +11 Singing Sword {sonic wave}
 36123 | Elf:1    | Entered Level 1 of the Elven Halls
 36459 | Elf:1    | Received a gift from Trog
 36566 | Elf:1    | Paralysed by an air elemental for 1 turns
 36850 | Elf:1    | Found a portal to a secret trove of treasure.
 37116 | Elf:2    | Found a shimmering blue altar of Sif Muna.
 37180 | Elf:2    | Reached skill level 15 in Throwing
 37216 | Elf:2    | Paralysed by an air elemental for 1 turns
 37224 | Elf:2    | Paralysed by an air elemental for 1 turns
 37228 | Elf:2    | Paralysed by an air elemental for 1 turns
 37776 | Elf:2    | Received a gift from Trog
 37925 | Elf:2    | Reached XP level 19. HP: 170/170 MP: 18/18
 37926 | Elf:2    | Found a runed translucent gate.
 37926 | Elf:2    | Found a runed translucent gate.
 37926 | Elf:2    | Found a runed translucent gate.
 38129 | Elf:2    | Reached skill level 15 in Evocations
 38624 | Elf:3    | Entered Level 3 of the Elven Halls
 38629 | Elf:3    | Received a gift from Trog
 39034 | Elf:3    | Reached skill level 15 in Armour
 39327 | Elf:3    | Noticed a Tzitzimitl
 39923 | Elf:3    | Identified the +4 shortbow of Defiance {drain, rC+}
 39983 | Elf:3    | Identified the staff of the Lesser Evil {rPois rN+ Necro}
 40034 | Elf:3    | Identified the +1 dagger of the Realm of Zot {freeze, *Rage
                  | rF++ rC+ SInv}
 40257 | Elf:3    | Found Amiut's Book Emporium.
 40452 | Elf:3    | Found The Oracle's Delphic Readings.
 40485 | Elf:3    | Paralysed by an air elemental for 1 turns
 40937 | Elf:3    | Bought a scroll of torment for 123 gold pieces
 40937 | Elf:3    | Bought a scroll of poison for 52 gold pieces
 40937 | Elf:3    | Bought a scroll of teleportation for 39 gold pieces
 40937 | Elf:3    | Bought a scroll of acquirement for 676 gold pieces
 40939 | Elf:3    | Acquired the ring "Erphes" {rPois Str+3 Slay+3}
 41256 | Depths:1 | Entered Level 1 of the Depths
 41256 | Depths:1 | Noticed the Enchantress
 41256 | Depths:1 | Found Nuetirch's Distillery.
 41256 | Depths:1 | Found a gateway to Hell.
 41256 | Depths:1 | Found Zymawa's Antique Weapon Shop.
 41256 | Depths:1 | Found Girep's Antique Armour Emporium.
 41384 | D:15     | Killed the Enchantress
 41384 | D:15     | Received a gift from Trog
 41673 | Depths:1 | Bought a potion of lignification for 66 gold pieces
 41750 | Depths:1 | Found a one-way gate leading to the halls of Pandemonium.
 42072 | Elf:1    | You paid a toll of +3 fire dragon scales to enter a
                  | treasure trove
 42073 | Trove    | Entered a treasure trove
 42075 | Trove    | Found the +13 scythe of Curses {drain, curses, ^Drain}
 42093 | Trove    | Identified the +7 hand axe of the Puffin {antimagic, Int+4}
 42100 | Trove    | Identified the +0 war axe of the Messenger {heavy, *Corrode
                  | +Blink Stlth+}
 42101 | Trove    | Identified the +10 war axe of Prudence {drain, Int+3}
 42102 | Trove    | Identified the +1 hand axe of Mana {flame, Int+2}
 42103 | Trove    | Identified the +3 dagger "Vuown" {flame, rF+}
 42105 | Trove    | Identified the +8 eveningstar "Xised" {elec, Int+4 Dex+4}
 42148 | Trove    | Upgraded the game from 0.31.0-10-gcf4a605ca0 to
                  | 0.31.0-11-ge490571c62
 42402 | Vaults:1 | Entered Level 1 of the Vaults
 42530 | Vaults:1 | Reached XP level 20. HP: 148/180 MP: 19/19
 42794 | Vaults:1 | Found a runed translucent gate.
 42794 | Vaults:1 | Found a runed translucent gate.
 42794 | Vaults:1 | Found a runed translucent gate.
 42795 | Vaults:1 | Noticed vegansnacktivist's ghost (adept DDFi)
 42798 | Vaults:1 | Found an iron altar of Okawaru.
 43417 | Vaults:1 | Received a gift from Trog
 44035 | Vaults:2 | Noticed an ancient lich
 44062 | Vaults:2 | Noticed Margery
 44094 | Vaults:2 | Killed Margery
 44104 | Vaults:2 | Killed the ghostly Margery
 44105 | Vaults:2 | Reached skill level 15 in Dodging
 44227 | Vaults:2 | Received a gift from Trog
 44478 | Vaults:2 | Identified the +1 robe of Sif Muna's Respect {Fly Int+3}
 44860 | Vaults:3 | Found a staircase to the Crypt.
 44934 | Vaults:3 | You are sucked into a shaft and drop 1 floor!
 45122 | Vaults:3 | Identified the orb of the Desert {light, *Slow rN+ Dex+8
                  | Stlth-}
 45122 | Vaults:3 | Noticed Frederick
 45140 | Vaults:3 | Killed Frederick
 45230 | Vaults:3 | Reached XP level 21. HP: 165/191 MP: 20/20
 45233 | Vaults:3 | Received a gift from Trog
 45399 | Vaults:3 | Found a transporter.
 45400 | Vaults:3 | Found a shimmering blue altar of Sif Muna.
 45405 | Vaults:3 | Noticed an ancient lich
 45963 | Vaults:3 | Killed an ancient lich
 46030 | Vaults:3 | Found a transporter.
 46092 | Vaults:3 | Identified the -2 cloak of Beogh's Approval {rF- Int+8}
 46093 | Vaults:3 | Identified the ring of Seoraal {rC- rN+ MP+9 Dex+3}
 46117 | Vaults:3 | Acquired the +8 tower shield of the Tundras {Str+5}
 46371 | Vaults:4 | Received a gift from Trog
 47235 | Vaults:4 | Found Annatafo's Distillery.
 47257 | Vaults:4 | Bought a potion of lignification for 60 gold pieces
 47257 | Vaults:4 | Bought a potion of heal wounds for 100 gold pieces
 47257 | Vaults:4 | Bought a potion of heal wounds for 100 gold pieces
 47257 | Vaults:4 | Bought 2 potions of curing for 120 gold pieces
 47257 | Vaults:4 | Bought a potion of invisibility for 160 gold pieces
 47257 | Vaults:4 | Bought a potion of heal wounds for 100 gold pieces
 47622 | Depths:1 | Bought a potion of cancellation for 176 gold pieces
 47622 | Depths:1 | Bought a potion of heal wounds for 110 gold pieces
 47622 | Depths:1 | Bought a potion of haste for 220 gold pieces
 47622 | Depths:1 | Bought a potion of heal wounds for 110 gold pieces
 47622 | Depths:1 | Bought a potion of heal wounds for 110 gold pieces
 47637 | Depths:1 | Found Fusch's Antique Weapon Emporium.
 47674 | Depths:1 | Received a gift from Trog
 47995 | Depths:1 | Found a radiant altar of Vehumet.
 48068 | Depths:1 | Found Kuihosm's Armour Boutique.
 48301 | Depths:1 | Bought a glowing plate armour for 624 gold pieces
 48693 | Depths:2 | Reached XP level 22. HP: 200/200 MP: 21/21
 48719 | Depths:2 | Found a runed translucent door.
 48725 | Depths:2 | Found a runed translucent door.
 48943 | Depths:2 | Received a gift from Trog
 48972 | Depths:2 | Found a one-way gateway to a ziggurat.
 50150 | Depths:2 | Identified the +7 demon trident of the Pits of Slime
                  | {drain, Str+8 Int-3}
 50474 | D:14     | Killed Kapsuk's ghost
 50780 | Vaults:1 | Killed vegansnacktivist's ghost
 50812 | Vaults:1 | Identified the +0 leather armour "Okhir" {Str+3}
 51177 | Depths:2 | Noticed a golden dragon
 51269 | Depths:3 | Found a transporter.
 51285 | Depths:3 | Noticed Vv
 51305 | Depths:3 | Killed Vv
 52071 | Depths:3 | Found Qeoc's Antique Armour Boutique.
 52073 | Depths:3 | Noticed a golden dragon
 52126 | Depths:3 | Killed a golden dragon
 52131 | Depths:3 | Found a one-way gate to the infinite horrors of the Abyss.
 52232 | Depths:3 | Found a transporter.
 52283 | Depths:3 | Received a gift from Trog
 52714 | Depths:3 | Identified the ring of the Ageless Moons {rC- Int+5 Slay+4}
 52725 | Depths:3 | Identified the ring "Mesil" {Ice Fly Str+4}
 52744 | Depths:4 | Entered Level 4 of the Depths
 52758 | Depths:4 | Noticed Jory
 52773 | Depths:4 | Killed Jory
 53532 | Depths:4 | Noticed a golden dragon
 53532 | Depths:4 | Noticed a golden dragon
 53542 | Depths:4 | Noticed a juggernaut
 53553 | Depths:4 | Killed a juggernaut
 53632 | Depths:4 | Received a gift from Trog
 53696 | Depths:4 | Noticed a juggernaut
 53714 | Depths:4 | Killed a juggernaut
 53981 | Depths:4 | Killed a golden dragon
 53982 | Depths:4 | Reached XP level 23. HP: 195/209 MP: 22/22
 54055 | Depths:4 | Found a gate to the Realm of Zot.
 54383 | Depths:2 | Noticed a caustic shrike
 54396 | Depths:2 | Killed a caustic shrike
 54630 | Depths:2 | Found a gateway to a bazaar.
 55204 | Vaults:5 | Entered Level 5 of the Vaults
 55204 | Vaults:5 | Noticed Saint Roka
 55219 | Vaults:4 | Killed Saint Roka
 55251 | Vaults:4 | Received a gift from Trog
 55349 | Vaults:5 | Identified the ring "Tasof" {Fire Str+3}
 55562 | Vaults:5 | Noticed a dread lich
 55575 | Vaults:5 | Killed a dread lich
 55843 | Vaults:5 | Noticed an ancient lich
 55857 | Vaults:5 | Killed an ancient lich
 56044 | Vaults:5 | Noticed an ancient lich
 56066 | Vaults:5 | Killed an ancient lich
 56142 | Vaults:5 | Found Zoaph's Magic Scroll Boutique.
 56154 | Vaults:5 | Received a gift from Trog
 56160 | Vaults:5 | Found Boeminal's Jewellery Shoppe.
 56228 | Vaults:5 | Got a silver rune of Zot
 56330 | Vaults:5 | Found Beups's Jewellery Emporium.
 56337 | Vaults:5 | Noticed a dread lich
 56338 | Vaults:5 | Found Oraused's Distillery.
 56345 | Vaults:5 | Killed a dread lich
 56536 | Vaults:5 | Reached XP level 24. HP: 210/221 MP: 22/22
 56622 | Vaults:5 | Found Roenk's Magic Scroll Boutique.
 56634 | Vaults:5 | Noticed an ancient lich
 56646 | Vaults:5 | Killed an ancient lich
 56661 | Vaults:5 | Found Cifruem's Magic Scroll Shop.
 56676 | Vaults:5 | Found Jagemink's Magic Scroll Shoppe.
 56700 | Vaults:5 | Found Neukkacu's Magic Scroll Boutique.
 56705 | Vaults:5 | Received a gift from Trog
 56730 | Vaults:5 | Found Osaocs's Distillery.
 56749 | Vaults:5 | Found Duukhuer's Magic Scroll Emporium.
 56921 | Vaults:5 | Found Ecisch's Antique Armour Shoppe.
 57082 | Vaults:5 | Identified the +5 sling "Rallycics" {drain, Will+}
 57716 | Bazaar   | Entered a bazaar
 57716 | Bazaar   | Found Rauskoim's General Store.
 57716 | Bazaar   | Found Dauhi's Book Shoppe.
 57716 | Bazaar   | Found Igajy's Weapon Emporium.
 57718 | Bazaar   | Found Disiph's Weapon Emporium.
 57738 | Bazaar   | Bought a scroll of butterflies for 64 gold pieces
 57738 | Bazaar   | Bought a scroll of revelation for 120 gold pieces
 57738 | Bazaar   | Bought a potion of heal wounds for 80 gold pieces
 57738 | Bazaar   | Bought a potion of mutation for 128 gold pieces
 58178 | Vaults:5 | Bought a scroll of enchant armour for 112 gold pieces
 58178 | Vaults:5 | Bought a scroll of enchant armour for 112 gold pieces
 58231 | Vaults:5 | Bought a scroll of teleportation for 39 gold pieces
 58231 | Vaults:5 | Bought a scroll of revelation for 97 gold pieces
 58231 | Vaults:5 | Bought a scroll of revelation for 97 gold pieces
 58245 | Vaults:5 | Bought a scroll of teleportation for 45 gold pieces
 58245 | Vaults:5 | Bought a scroll of enchant armour for 112 gold pieces
 58267 | Vaults:5 | Bought a potion of haste for 120 gold pieces
 58267 | Vaults:5 | Bought a potion of heal wounds for 60 gold pieces
 58267 | Vaults:5 | Bought a potion of heal wounds for 60 gold pieces
 58267 | Vaults:5 | Bought a potion of curing for 36 gold pieces
 58267 | Vaults:5 | Bought a potion of heal wounds for 60 gold pieces
 58267 | Vaults:5 | Bought a potion of curing for 36 gold pieces
 58267 | Vaults:5 | Bought a potion of heal wounds for 60 gold pieces
 58285 | Vaults:5 | Bought a scroll of enchant armour for 120 gold pieces
 58285 | Vaults:5 | Bought a scroll of butterflies for 64 gold pieces
 58323 | Vaults:5 | Bought a potion of haste for 170 gold pieces
 58323 | Vaults:5 | Bought a potion of curing for 51 gold pieces
 58323 | Vaults:5 | Bought a potion of curing for 51 gold pieces
 58323 | Vaults:5 | Bought a potion of lignification for 51 gold pieces
 58323 | Vaults:5 | Bought a potion of mutation for 136 gold pieces
 58765 | Slime:1  | Entered Level 1 of the Pits of Slime
 58871 | Slime:1  | Gained mutation: You sometimes lose your temper in combat.
                  | [a shining eye]
 58897 | Slime:1  | Lost mutation: You passively dampen the noise of your
                  | surroundings. [potion of mutation]
 58897 | Slime:1  | Lost mutation: You sometimes lose your temper in combat.
                  | [potion of mutation]
 58897 | Slime:1  | Gained mutation: You are robust. (+10% HP) [potion of
                  | mutation]
 59030 | Slime:3  | Received a gift from Trog
 59151 | Slime:5  | Entered Level 5 of the Pits of Slime
 59487 | Slime:5  | Received a gift from Trog
 59571 | Slime:5  | Noticed the Royal Jelly
 59593 | Slime:5  | Killed the Royal Jelly
 59961 | Slime:5  | Identified the +7 whip of Zin's Pride {chaos, rC+ Int+4}
 59972 | Slime:5  | Identified the staff of Gallantry {Int+5 Dex+2 Conj}
 59994 | Slime:5  | Got a slimy rune of Zot
 59997 | Slime:5  | Identified the +10 orcbow "Budo" {flame, Int+5}
 60008 | Slime:5  | Identified the +8 mace "Zuefaify" {speed, rCorr Dex+3}
 60010 | Slime:5  | Identified the amulet of Cedu {Rampage Fly rPois Regen+
                  | Slay+2}
 60050 | Slime:5  | Identified the ring "Poeh" {*Slow Will+ MP+9 Int+7}
 60054 | Slime:5  | Identified the ring "Fucolo" {Fire rPois}
 60056 | Slime:5  | Identified the +0 robe of Fallacy {rElec rC+++ Str-2 Int-3}
 60662 | Depths:3 | Voluntarily entered the Abyss.
 60763 | Abyss:1  | Found a corrupted altar of Lugonu.
 60763 | Abyss:1  | Found a corrupted altar of Lugonu.
 60763 | Abyss:1  | Found a corrupted altar of Lugonu.
 60920 | Abyss:2  | Found a corrupted altar of Lugonu.
 60939 | Abyss:3  | Found a corrupted altar of Lugonu.
 61051 | Abyss:3  | Found a corrupted altar of Lugonu.
 61058 | Abyss:3  | Received a gift from Trog
 61118 | Abyss:3  | Paralysed by accursed screaming for 1 turns
 61150 | Abyss:3  | Found a corrupted altar of Lugonu.
 61220 | Abyss:3  | Reached XP level 25. HP: 250/256 MP: 18/22
 61469 | Depths:3 | Escaped the Abyss
 61471 | Depths:3 | Voluntarily entered the Abyss.
 63571 | Depths:3 | Escaped the Abyss
 63573 | Depths:3 | Voluntarily entered the Abyss.
 63679 | Abyss:3  | Paralysed by accursed screaming for 1 turns
 63684 | Abyss:3  | Received a gift from Trog
 64018 | Depths:3 | Escaped the Abyss
 64020 | Depths:3 | Voluntarily entered the Abyss.
 64122 | Abyss:3  | Received a gift from Trog
 64220 | Abyss:3  | Found a corrupted altar of Lugonu.
 64220 | Abyss:3  | Found a corrupted altar of Lugonu.
 64220 | Abyss:3  | Found a corrupted altar of Lugonu.
 64240 | Abyss:3  | Found a corrupted altar of Lugonu.
 64296 | Depths:3 | Escaped the Abyss
 64353 | Depths:3 | Voluntarily entered the Abyss.
 64429 | Abyss:3  | Gained mutation: You occasionally lose the ability to drink
                  | potions when taking damage. [a shining eye]
 64431 | Abyss:3  | Gained mutation: You occasionally shout uncontrollably at
                  | your foes. [a shining eye]
 64445 | Abyss:3  | Lost mutation: You occasionally lose the ability to drink
                  | potions when taking damage. [potion of mutation]
 64445 | Abyss:3  | Lost mutation: You are robust. (+10% HP) [potion of
                  | mutation]
 64445 | Abyss:3  | Gained mutation: You have large cloven feet. [potion of
                  | mutation]
 64445 | Abyss:3  | Gained mutation: You are partially covered in iridescent
                  | scales. (AC +2) [potion of mutation]
 64445 | Abyss:3  | Gained mutation: You are agile. (Dex +4, Str/Int -1)
                  | [potion of mutation]
 64445 | Abyss:3  | Gained mutation: You have an increased reservoir of magic.
                  | (+10% MP) [potion of mutation]
 64446 | Abyss:3  | Lost mutation: You are partially covered in iridescent
                  | scales. (AC +2) [potion of mutation]
 64446 | Abyss:3  | Lost mutation: You are agile. (Dex +4, Str/Int -1) [potion
                  | of mutation]
 64446 | Abyss:3  | Gained mutation: A frigid envelope surrounds you and
                  | freezes all who hurt you. [potion of mutation]
 64446 | Abyss:3  | Gained mutation: You expend magic power (3 MP) to
                  | strengthen your wands. [potion of mutation]
 64446 | Abyss:3  | Gained mutation: You are partially covered in iridescent
                  | scales. (AC +2) [potion of mutation]
 64447 | Abyss:3  | Lost mutation: A frigid envelope surrounds you and freezes
                  | all who hurt you. [potion of mutation]
 64447 | Abyss:3  | Lost mutation: You have an increased reservoir of magic.
                  | (+10% MP) [potion of mutation]
 64447 | Abyss:3  | Gained mutation: You occasionally lose the ability to drink
                  | potions when taking damage. [potion of mutation]
 64448 | Abyss:3  | Lost mutation: You are partially covered in iridescent
                  | scales. (AC +2) [potion of mutation]
 64448 | Abyss:3  | Lost mutation: You occasionally lose the ability to drink
                  | potions when taking damage. [potion of mutation]
 64448 | Abyss:3  | Lost mutation: You expend magic power (3 MP) to strengthen
                  | your wands. [potion of mutation]
 64448 | Abyss:3  | Gained mutation: Your spells are a little easier to cast,
                  | but a little less powerful. [potion of mutation]
 64448 | Abyss:3  | Gained mutation: You are strong-willed. (Will+) [potion of
                  | mutation]
 64448 | Abyss:3  | Gained mutation: You possess an exceptional clarity of
                  | mind. [potion of mutation]
 64449 | Abyss:3  | Lost mutation: You occasionally shout uncontrollably at
                  | your foes. [potion of mutation]
 64449 | Abyss:3  | Lost mutation: Your spells are a little easier to cast, but
                  | a little less powerful. [potion of mutation]
 64449 | Abyss:3  | Lost mutation: You are strong-willed. (Will+) [potion of
                  | mutation]
 64449 | Abyss:3  | Gained mutation: You are partially covered in iridescent
                  | scales. (AC +2) [potion of mutation]
 64449 | Abyss:3  | Gained mutation: You are dopey. (Int -2) [potion of
                  | mutation]
 64780 | Abyss:4  | Found a corrupted altar of Lugonu.
 64803 | Abyss:4  | Received a gift from Trog
 64808 | Abyss:4  | Found a corrupted altar of Lugonu.
 64954 | Depths:3 | Escaped the Abyss
 64992 | Depths:3 | Voluntarily entered the Abyss.
 65006 | Abyss:4  | Found a corrupted altar of Lugonu.
 65178 | Abyss:5  | Found a corrupted altar of Lugonu.
 65178 | Abyss:5  | Found a corrupted altar of Lugonu.
 65179 | Abyss:5  | Got an abyssal rune of Zot
 65190 | Depths:3 | Escaped the Abyss
 65858 | Pan      | Entered Pandemonium
 66083 | Pan      | Received a gift from Trog
 66115 | Pan      | Noticed Nicsitz the pandemonium lord
 66312 | Pan      | Killed Nicsitz the pandemonium lord
 66489 | Pan      | Found an exit through the horrors of the Abyss.
 66514 | Pan      | Noticed Mennas
 66554 | Pan      | Killed Mennas
 66710 | Depths:1 | Escaped Pandemonium
 66712 | Pan      | Entered Pandemonium
 66870 | Pan      | Reached XP level 26. HP: 242/243 MP: 22/22
 66886 | Pan      | Entered the realm of Cerebov.
 67585 | Pan      | Received a gift from Trog
 67852 | Pan      | Identified the +10 mace "Orb Guardian's Foe" {speed, *Slow
                  | +Blink Dex+3}
 68438 | Pan      | Found the +6 sword of Cerebov {flame}
 68438 | Pan      | Noticed Cerebov
 68641 | Pan      | Killed Cerebov
 68812 | Pan      | Received a gift from Trog
 68980 | Pan      | Identified the staff of the Seeker {rN+ Str+3 Necro}
 68997 | Pan      | Identified the +0 ring mail "Laozap" {Regen+}
 69019 | Pan      | Identified the +7 orcbow of Compassion {elec, rF- Dex+9}
 69020 | Pan      | Identified the +6 plate armour of the Lily {Rampage}
 69040 | Pan      | Got a fiery rune of Zot
 69173 | Pan      | Lost mutation: You possess an exceptional clarity of mind.
                  | [a cacodemon]
 69325 | Pan      | Gained mutation: You occasionally shout uncontrollably at
                  | your foes. [a cacodemon]
 69326 | Pan      | Noticed Synlathueph the pandemonium lord
 69341 | Pan      | Killed Synlathueph the pandemonium lord
 69400 | Pan      | Lost mutation: You have large cloven feet. [potion of
                  | mutation]
 69400 | Pan      | Lost mutation: You occasionally shout uncontrollably at
                  | your foes. [potion of mutation]
 69400 | Pan      | Lost mutation: You are dopey. (Int -2) [potion of mutation]
 69400 | Pan      | Gained mutation: You have hidden genetic potential. [potion
                  | of mutation]
 69400 | Pan      | Gained mutation: You have sharp fingernails. [potion of
                  | mutation]
 70244 | Pan      | Identified the +1 halberd "Exixewni" {flame, rN+} (Trog
                  | gifted it to you in Pandemonium)
 70244 | Pan      | Received a gift from Trog
 70460 | Pan      | Paralysed by accursed screaming for 2 turns
 70461 | Pan      | Gained mutation: You occasionally shout uncontrollably at
                  | your foes. [a cacodemon]
 70658 | Pan      | Reached XP level 27. HP: 258/258 MP: 22/22
 71091 | Pan      | Noticed Luduvach the pandemonium lord
 71095 | Pan      | Received a gift from Trog
 71111 | Pan      | Killed Luduvach the pandemonium lord
 71126 | Pan      | HP: 9/246 [??? (7)]
 71361 | Pan      | Entered the realm of Gloorx Vloq.
 72387 | Pan      | Received a gift from Trog
 72781 | Pan      | Noticed Gloorx Vloq
 72803 | Pan      | Killed Gloorx Vloq
 72907 | Pan      | Got a dark rune of Zot
 73109 | Pan      | Noticed Odaepsobue the pandemonium lord
 73169 | Pan      | Killed Odaepsobue the pandemonium lord
 73190 | Pan      | Gained mutation: You have a somewhat thin skeletal
                  | structure. (Dex +2, Stealth+) [hidden potential]
 73197 | Pan      | Identified the ring "Maruytzi" {rN+ Str+6}
 73256 | Pan      | Lost mutation: You have a somewhat thin skeletal structure.
                  | (Dex +2, Stealth+) [potion of mutation]
 73256 | Pan      | Lost mutation: You occasionally shout uncontrollably at
                  | your foes. [potion of mutation]
 73256 | Pan      | Gained mutation: Your flesh is heat resistant. (rF+)
                  | [potion of mutation]
 73256 | Pan      | Gained mutation: Your muscles are strong. (Str +4, Int/Dex
                  | -1) [potion of mutation]
 73261 | Pan      | Gained mutation: Armour fits poorly on your strangely
                  | shaped body. [a neqoxec]
 73265 | Pan      | Received a gift from Trog
 73268 | Pan      | Lost mutation: You have hidden genetic potential. [a
                  | cacodemon]
 73270 | Pan      | Gained mutation: Your spells are a little easier to cast,
                  | but a little less powerful. [a cacodemon]
 73273 | Pan      | Gained mutation: You are vulnerable to cold. (rC-) [a
                  | cacodemon]
 73646 | Pan      | Noticed Heraf the pandemonium lord
 73976 | Pan      | Entered the realm of Mnoleg.
 74117 | Pan      | Received a gift from Trog
 74386 | Pan      | Gained mutation: Your health recovers twice as slowly from
                  | being drained. [a cacodemon]
 74388 | Pan      | Gained mutation: You are covered in fur. (AC +1) [a
                  | cacodemon]
 74444 | Pan      | Gained mutation: You are dopey. (Int -2) [a neqoxec]
 74477 | Pan      | Gained mutation: You occasionally lose the ability to read
                  | scrolls when taking damage. [a neqoxec]
 74559 | Pan      | Lost mutation: Your muscles are strong. (Str +4, Int/Dex
                  | -1) [a cacodemon]
 74587 | Pan      | Gained mutation: Your body sometimes deteriorates upon
                  | taking damage. [a neqoxec]
 74587 | Pan      | Gained mutation: You are clumsy. (Dex -2) [a shining eye]
 74587 | Pan      | Gained mutation: Potions are less effective at restoring
                  | your health. [a cacodemon]
 74594 | Pan      | Gained mutation: You are frail. (-10% HP) [a neqoxec]
 74597 | Pan      | Gained mutation: You are very vulnerable to cold. (rC--) [a
                  | shining eye]
 74611 | Pan      | Lost mutation: You are frail. (-10% HP) [potion of
                  | mutation]
 74611 | Pan      | Lost mutation: You are covered in fur. (AC +1) [potion of
                  | mutation]
 74611 | Pan      | Lost mutation: Armour fits poorly on your strangely shaped
                  | body. [potion of mutation]
 74754 | Pan      | Gained mutation: You have hidden genetic defects. [a
                  | neqoxec]
 74779 | Pan      | Lost mutation: Your spells are a little easier to cast, but
                  | a little less powerful. [a cacodemon]
 74806 | Pan      | Gained mutation: You are occasionally teleported next to
                  | monsters. [a cacodemon]
 74817 | Pan      | Noticed Mnoleg
 74822 | Pan      | Gained mutation: You are extremely vulnerable to cold.
                  | (rC---) [a cacodemon]
 74824 | Pan      | Lost mutation: You are dopey. (Int -2) [a cacodemon]
 74835 | Pan      | Received a gift from Trog
 74879 | Pan      | Gained mutation: You sometimes lose the ability to read
                  | scrolls when taking damage. [a neqoxec]
 74885 | Pan      | Killed Mnoleg
 74994 | Pan      | Got a glowing rune of Zot
 75020 | Pan      | Identified the +0 mace of Internal Strife {holy, rF+ Dex+3}
 75040 | Pan      | Gained mutation: You occasionally lose the ability to drink
                  | potions when taking damage. [a cacodemon]
 75111 | Pan      | Lost mutation: You occasionally lose the ability to drink
                  | potions when taking damage. [potion of mutation]
 75111 | Pan      | Lost mutation: Your body sometimes deteriorates upon taking
                  | damage. [potion of mutation]
 75111 | Pan      | Lost mutation: You are partially covered in iridescent
                  | scales. (AC +2) [potion of mutation]
 75111 | Pan      | Gained mutation: Your system is resistant to poisons.
                  | (rPois) [potion of mutation]
 75111 | Pan      | Lost mutation: Your health recovers twice as slowly from
                  | being drained. [potion of mutation]
 75165 | Pan      | Entered the realm of Lom Lobon.
 75165 | Pan      | Found an exit through the horrors of the Abyss.
 75174 | Pan      | Gained mutation: You are weak. (Str -2) [hidden defects]
 75814 | Pan      | Noticed Lom Lobon
 76212 | Pan      | Got a magical rune of Zot
 76235 | Pan      | Took an exit into the Abyss.
 76235 | Abyss:5  | Escaped into the Abyss
 76276 | Abyss:5  | Received a gift from Trog
 76331 | Abyss:5  | Found a corrupted altar of Lugonu.
 76378 | Depths:1 | Escaped the Abyss
 76755 | Vaults:5 | Bought a scroll of blinking for 165 gold pieces
 77810 | Zig:1    | Entered Level 1 of a ziggurat
 77832 | Zig:2    | Entered Level 2 of a ziggurat
 77853 | Zig:2    | Gained mutation: You occasionally lose the ability to drink
                  | potions when taking damage. [hidden defects]
 77853 | Zig:2    | Lost mutation: You have hidden genetic defects. [hidden
                  | defects expressed]
 77863 | Zig:3    | Entered Level 3 of a ziggurat
 77898 | Zig:4    | Entered Level 4 of a ziggurat
 77901 | Zig:4    | Found the +2 hood of the Assassin {Detect Stab+ Stlth++}
 77911 | Zig:4    | Paralysed by accursed screaming for 1 turns
 78073 | Zig:5    | Entered Level 5 of a ziggurat
 78114 | Zig:6    | Entered Level 6 of a ziggurat
 78152 | Zig:6    | Lost mutation: Your system is resistant to poisons. (rPois)
                  | [potion of mutation]
 78152 | Zig:6    | Lost mutation: You have sharp fingernails. [potion of
                  | mutation]
 78152 | Zig:6    | Lost mutation: You are clumsy. (Dex -2) [potion of
                  | mutation]
 78152 | Zig:6    | Lost mutation: You are extremely vulnerable to cold.
                  | (rC---) [potion of mutation]
 78152 | Zig:6    | Gained mutation: Your health recovers twice as slowly from
                  | being drained. [potion of mutation]
 78152 | Zig:6    | Lost mutation: You are weak. (Str -2) [potion of mutation]
 78152 | Zig:6    | Gained mutation: You have sharp fingernails. [potion of
                  | mutation]
 78156 | Zig:7    | Entered Level 7 of a ziggurat
 78244 | Zig:7    | Identified the +9 chain mail of the Manifold Loafs {*Slow
                  | rElec Will+}
 78255 | Zig:7    | Identified the +11 halberd of Arbitration {freeze, ^Drain
                  | rN+++ Dex-4 SInv}
 78277 | Zig:8    | Entered Level 8 of a ziggurat
 78294 | Zig:8    | Received a gift from Trog
 78348 | Zig:8    | Identified the +1 pair of gloves "Ontaeh" {rF++}
 78376 | Zig:9    | Entered Level 9 of a ziggurat
 78480 | Zig:9    | Identified the +0 tower shield "Kableaha" {rElec Str+3
                  | Int-5 SInv}
 78487 | Zig:9    | Identified the +12 halberd of Noraafo {flame, *Rage rF-
                  | rN+++ SInv}
 78539 | Zig:10   | Entered Level 10 of a ziggurat
 78548 | Zig:10   | Found the +10 dark maul {heavy}
 78668 | Zig:11   | Entered Level 11 of a ziggurat
 78682 | Zig:11   | Identified the +10 broad axe of the Undead {flame, rElec
                  | Str+4 Int-4 Stlth-} (Trog gifted it to you on level 11 of a
                  | ziggurat)
 78682 | Zig:11   | Received a gift from Trog
 78744 | Zig:11   | Identified the ring "Niruorgho" {rElec rF++ rC- Int+6
                  | Dex+5}
 78765 | Zig:11   | Identified the +11 halberd of the Endless Olives {speed,
                  | rN+ Dex+2 Stlth+}
 78771 | Zig:11   | Identified the +5 mace of Anxiety {venom, rC+ rN+ Dex+3}
 78798 | Zig:11   | Identified the staff of Eppo {rC+ MP+9 Necro Ice}
 78830 | Zig:12   | Entered Level 12 of a ziggurat
 78973 | Zig:12   | Lost mutation: You are very vulnerable to cold. (rC--)
                  | [potion of mutation]
 78973 | Zig:12   | Lost mutation: You are vulnerable to cold. (rC-) [potion of
                  | mutation]
 78973 | Zig:12   | Lost mutation: You have sharp fingernails. [potion of
                  | mutation]
 78973 | Zig:12   | Gained mutation: You are partially covered in large bone
                  | plates. (SH +4) [potion of mutation]
 78973 | Zig:12   | Gained mutation: Your body sometimes deteriorates upon
                  | taking damage. [potion of mutation]
 78973 | Zig:12   | Gained mutation: You have a somewhat thin skeletal
                  | structure. (Dex +2, Stealth+) [potion of mutation]
 78975 | Zig:12   | Lost mutation: You are occasionally teleported next to
                  | monsters. [potion of mutation]
 78975 | Zig:12   | Lost mutation: You are partially covered in large bone
                  | plates. (SH +4) [potion of mutation]
 78975 | Zig:12   | Lost mutation: You occasionally lose the ability to drink
                  | potions when taking damage. [potion of mutation]
 78975 | Zig:12   | Lost mutation: Your health recovers twice as slowly from
                  | being drained. [potion of mutation]
 78997 | Zig:12   | Identified the +10 short sword "Nes Yjikk" {freeze, rCorr}
 79002 | Zig:12   | Identified the +10 bardiche "Isisk" {freeze, Int+6}
 79049 | Zig:13   | Entered Level 13 of a ziggurat
 79083 | Zig:13   | Received a gift from Trog
 79084 | Zig:13   | Found the +16 obsidian axe {drain, demonic, Mesm ^Drain Fly
                  | SInv}
 79126 | Zig:13   | Identified the +0 crystal plate armour of the Elephant
                  | {Int+2}
 79326 | Zot:1    | Entered Level 1 of the Realm of Zot
 80743 | Zot:1    | Identified the +6 spear "Paxyo" {flame, rN+ Dex+6}
 81815 | Zot:1    | Received a gift from Trog
 81971 | Zot:1    | Lost mutation: Your body sometimes deteriorates upon taking
                  | damage. [potion of mutation]
 81971 | Zot:1    | Lost mutation: Your flesh is heat resistant. (rF+) [potion
                  | of mutation]
 81971 | Zot:1    | Lost mutation: Potions are less effective at restoring your
                  | health. [potion of mutation]
 81971 | Zot:1    | Gained mutation: You are resistant to electric shocks.
                  | (rElec) [potion of mutation]
 82451 | Zot:2    | Noticed an orb of fire
 82455 | Zot:2    | Noticed an orb of fire
 82457 | Zot:2    | Gained mutation: Your spells are a little easier to cast,
                  | but a little less powerful. [an orb of fire]
 82472 | Zot:2    | Gained mutation: You are vulnerable to cold. (rC-) [an orb
                  | of fire]
 82750 | Zot:2    | Killed an orb of fire
 82836 | Zot:2    | Killed an orb of fire
 82942 | Zot:2    | Found a faded altar of an unknown god.
 83318 | Zot:3    | Identified the +9 mace "Qojeax" {flame, rC+} (Trog gifted
                  | it to you on level 3 of the Realm of Zot)
 83318 | Zot:3    | Received a gift from Trog
 83638 | Zot:3    | Lost mutation: You are vulnerable to cold. (rC-) [mutagenic
                  | glow]
 83655 | Zot:3    | Gained mutation: Your body sometimes deteriorates upon
                  | taking damage. [mutagenic glow]
 84018 | Zot:3    | Lost mutation: Your spells are a little easier to cast, but
                  | a little less powerful. [potion of mutation]
 84018 | Zot:3    | Lost mutation: You are resistant to electric shocks.
                  | (rElec) [potion of mutation]
 84018 | Zot:3    | Lost mutation: Your body sometimes deteriorates upon taking
                  | damage. [potion of mutation]
 84018 | Zot:3    | Gained mutation: You are agile. (Dex +4, Str/Int -1)
                  | [potion of mutation]
 84018 | Zot:3    | Lost mutation: You are agile. (Dex +4, Str/Int -1) [potion
                  | of mutation]
 84018 | Zot:3    | Gained mutation: Your system is resistant to poisons.
                  | (rPois) [potion of mutation]
 84299 | Zot:4    | Acquired 512 gold pieces
 84309 | Zot:4    | Noticed an orb of fire
 84317 | Zot:4    | Killed an orb of fire
 84345 | Zot:4    | Reached skill level 27 in Fighting
 84442 | Zot:4    | Received a gift from Trog
 85422 | Pan      | Entered Pandemonium
 85567 | Pan      | Gained mutation: You are frail. (-10% HP) [a cacodemon]
 85583 | Pan      | Noticed Kaitulue the pandemonium lord
 85586 | Pan      | Got a demonic rune of Zot
 85619 | Pan      | Killed Kaitulue the pandemonium lord
 85620 | Pan      | Reached skill level 27 in Armour
 85830 | Pan      | Found an exit through the horrors of the Abyss.
 85839 | Pan      | Took an exit into the Abyss.
 85839 | Abyss:5  | Escaped into the Abyss
 85845 | Depths:4 | Escaped the Abyss
 85889 | Hell     | Entered the Vestibule of Hell
 85889 | Hell     | Noticed Geryon
 85920 | Hell     | Noticed Murray
 85924 | Hell     | Mangled by a reaper

Illustrated notes

Levels and vault maps discovered:
D:1:      dpeg_arrival_simpleton_c, layout_loops_ring,
          dreamdust_ecumenical_altar_hidden_monk_grotto, minmay_split_cup_large
D:2:      layout_basic
D:3:      layout_basic, grunt_ministairs_5, minmay_cupped, uniq_robin
D:4:      layout_cave_pods, uniq_duvessa, uniq_menkaure
D:5:      layout_basic, nemelex_dance_club_becter, grunt_ministairs_6,
          minmay_misc_feat_tiny, uniq_eustachio, uniq_sigmund, uniq_edmund
D:6:      layout_basic, minitemple, minmay_temple_entry_enclosed_plants
D:7:      layout_basic
D:8:      layout_cave_pools, minmay_misc_feat_plants, uniq_erica
D:9:      layout_loops_ring, nicolae_gozag_cash_rules_everything_around_me
D:10:     layout_long_grid, lair_entry_dummy
D:11:     fort_yaktaur, layout_loops_ring, david_orc_3, serial_shops, shop,
          uniq_sonja
D:12:     layout_roguey, kennysheep_cross_room
D:13:     layout_small_grid, david_vaults_4, hellmonk_ghost_happy_afterlife,
          eino_tiny_chamber, nicolae_diode_quadrants
D:14:     layout_irregular_city, gammafunk_ghost_split, hangedman_ru_absence,
          nrook_loot_triangle
D:15:     gammafunk_enter_depths_forms, layout_cave_pools, chequers_big_river,
          serial_glass, glass_columns_c, glass_columns_a, minmay_curled_crystal,
          amethyst_killhole
Lair:1:   layout_concentric_octagons, grunt_megastairs_3, serial_bayou_shore_b,
          serial_bayou_shore_a, lemuel_fruit_tree, uniq_grum, uniq_amaemon
Lair:2:   layout_hall_layers, minmay_snake_entry_guardpost_small
Lair:3:   layout_chaotic_city, elwin_shoals_entry_rocks,
          grunt_forest_small_clearings, chequers_serial_rivers_micro_a,
          nicolae_lair_lil_pond, grunt_forest_stairs_basic,
          cheibrodos_lair_lostbears, uniq_kirke
Lair:4:   minmay_lair_venomous_thicket, layout_cave_pods, grunt_megastairs_4,
          lemuel_fruit_fields, uniq_rupert
Lair:5:   cheibrodos_lair_end_hotspot, layout_loops_ring,
          nicolae_slime_entry_slimehenge, lemuel_centaur_altar
Shoals:1: layout_shoals, uniq_donald, uniq_jorgrun
Shoals:2: layout_shoals, nicolae_shoals_sun_and_surf
Shoals:3: layout_shoals
Shoals:4: shoals_end_grunt_garden, layout_shoals,
          nicolae_shoals_aquamancer_cove, uniq_polyphemus
Snake:1:  layout_onion, ebering_ghost_rock_garden, grunt_megastairs_1
Snake:2:  layout_onion, serial_library_hellmonk_big_corner,
          nicolae_snake_springs, uniq_vashnia
Snake:3:  layout_gridlike, guppyfry_snake_island, uniq_asterion, uniq_louise,
          uniq_aizul
Snake:4:  johnstein_snake_rune_scales, layout_chambers
Slime:1:  layout_caves, nicolae_slime_phagocytosis
Slime:2:  layout_caves
Slime:3:  layout_caves
Slime:4:  layout_caves, basic_altar
Slime:5:  slime_pit_nicolae_royal_road_to_ruin
Orc:1:    layout_diamond_mine, serial_shops, nicolae_shop_stone
Orc:2:    grunt_orc_cross, layout_caves
Elf:1:    eino_elf_arrival_shootout, layout_loops_cross,
          nicolae_trove_entry_path_of_doom, nicolae_elf_crossing_hall,
          minivault_23
Elf:2:    nicolae_elf_blades_crystal_corner, layout_geoelf_octagon, basic_altar,
          grunt_ministairs_4, nicolae_elf_v_pinch
Elf:3:    minmay_elf_hall, layout_onion_city, serial_shops,
          nicolae_book_shop_shelving, nicolae_nh_oracle_at_delphi
Vaults:1: gammafunk_ghost_fury_of_okawaru, ontoclasm_vaults_idyll, v_misc_18,
          grunt_vaults_diagonal, nicolae_vaults_closet_pinwheel_2,
          vaults_mumra_hex, vaults_room_grid, nicolae_vaults_diamond_1,
          layout_vaults_omnigrid
Vaults:2: hangedman_vaults_unwind, serial_library_hellmonk_reading_circle,
          v_pattern_4, nicolae_vaults_specimen_jars, vaults_dpeg_emergency_exit,
          nicolae_vaults_enemy_cabinets, nicolae_vaults_closet_pinwheel_1,
          vaults_dpeg_encased_lava, nicolae_vaults_trapezoid_lopsided_3,
          nicolae_vaults_house_1, layout_vaults_omnibox, uniq_margery
Vaults:3: ontoclasm_vaults_misaligned, v_misc_11,
          nicolae_vaults_closet_pinwheel_5, v_alt_pattern_2,
          grunt_vaults_twisty, minmay_crypt_entry_simple_sparse,
          gammafunk_sealed_library, vaults_mumra_chevron_long, v_misc_28,
          nicolae_vaults_shelves_hall, nicolae_vaults_storage_closets_3,
          vaults_room_ringed_pool, layout_vaults_omnicross, uniq_frederick
Vaults:4: v_rooms_3, ontoclasm_vaults_gateway, nicolae_vaults_closet_pinwheel_3,
          nicolae_vaults_shipping_containers_5, v_misc_11,
          nicolae_vaults_sightless_eye, ontoclasm_vaults_decontamination,
          hangedman_vaults_snaps, v_misc_17, vaults_room_stairs_pillars,
          layout_vaults_big_room, serial_shops, shop
Vaults:5: serial_shops, uniq_saint_roka
Depths:1: layout_big_octagon, serial_shops, shop, shop, shop, shop,
          nicolae_shop_gibbet_a_chance, hell_entry, nicolae_vehumet_radiance,
          pan_entry, nrook_mini_backslash, roderic_roman_lattice,
          minmay_misc_feat_ornament, bh_walls_and_bars, uniq_enchantress
Depths:2: thingy_vault_2, layout_honeycomb, enter_ziggurat_c, hellmouth_2,
          serial_shops, bzr_firewalk, hangedman_abyss_or_decor_passed,
          rand_demon_pan_entry_1, minmay_staircase_windowed_small
Depths:3: gammafunk_its_a_trap, layout_gridlike, serial_shops, shop,
          abyss_entry, grunt_hell_entry_dis_mu, uniq_vv
Depths:4: grunt_zot_entry_bicorn, layout_twisted_cross,
          minmay_misc_feat_pillars, grunt_pan_entry_zigzag, hell_entry,
          uniq_jory
Hell
Zot:1:    grunt_zot_stairs_faceoff, layout_cellular_growth,
          hangedman_zot_spectrum
Zot:2:    regret_index_infernal_bastille, layout_basic
Zot:3:    layout_misc_corridors, grunt_ministairs_10
Zot:4:    kennysheep_oblong_rooms, layout_onion, hangedman_zot_decor_scrapings,
          regret_index_zotdec_golden_two_three

Skill      XL: |  1  2  3  4  5  6  7  8  9 10 11 12 13 14 15 16 17 18 19 20 21 22 23 24 25 26 27 |
---------------+----------------------------------------------------------------------------------+-----
Axes           | 4 5 6 8 9 11 13 14 16 17 18 | 18.0
Fighting       | 4 5 6 7 8 9 11 12 13 14 15 16 17 18 19 20 21 23 27 | 27.0
Armour         | 3 4 5 6 8 9 10 11 13 14 15 16 17 19 20 21 22 27 | 27.0
Dodging        | 3 4 5 6 7 8 9 10 11 13 14 15 16 17 18 20 21 25 | 25.1
Shields        | 4 6 8 11 13 15 16 18 23 25 | 25.0
Throwing       | 6 9 13 15 16 17 18 19 20 21 24 | 24.5
Evocations     | 5 9 11 14 15 16 17 18 19 20 23 | 23.3

Action                     |  1- 3 |  4- 6 |  7- 9 | 10-12 | 13-15 | 16-18 | 19-21 | 22-24 | 25-27 || total
---------------------------+-------+-------+-------+-------+-------+-------+-------+-------+-------++-------
  Melee: Hand axe          |    95 |   102 |   182 |       |       |       |       |       |       ||   379
         Headbutt          |    14 |    19 |    63 |   128 |   304 |   399 |   402 |   504 |  1430 ||  3263
         Punch             |     1 |       |     4 |     5 |       |       |       |       |       ||    10
         War axe           |       |       |    84 |   507 |  1157 |  1183 |       |       |       ||  2931
         Broad axe         |       |       |       |       |       |   251 |  1392 |  1532 |  4365 ||  7540
         Unarmed           |       |       |       |       |       |       |       |       |     2 ||     2
  Throw: Javelin           |       |       |       |       |       |    21 |     1 |    63 |    59 ||   144
         Throwing net      |       |       |       |       |       |       |     1 |       |     1 ||     2
 Invoke: Berserk           |     1 |     3 |     5 |    12 |    11 |     4 |     1 |     1 |     9 ||    47
         Trog's Hand       |       |     1 |     1 |     2 |     7 |     3 |       |       |       ||    14
         Brothers in Arms  |       |       |       |       |     5 |     3 |     1 |     3 |     7 ||    19
Ability: Evoke Blink       |       |       |       |       |       |       |       |       |    15 ||    15
  Evoke: Wand              |       |       |       |     4 |    15 |       |       |       |       ||    19
         Condenser vane    |       |       |       |       |       |     1 |       |     1 |       ||     2
         Sack of spiders   |       |       |       |       |       |     1 |       |     1 |     1 ||     3
         Phantom mirror    |       |       |       |       |       |       |     1 |     1 |     3 ||     5
         Lightning rod     |       |       |       |       |       |       |       |     3 |     1 ||     4
    Use: Scroll            |       |       |     5 |     1 |     6 |    17 |     7 |    11 |    42 ||    89
         Potion            |       |       |       |       |       |    14 |     5 |     5 |    52 ||    76
   Stab: Sleeping          |     1 |       |       |       |       |       |       |       |       ||     1
         Held in net/web   |       |       |       |       |       |     2 |     2 |       |       ||     4
         Petrified         |       |       |       |       |       |     1 |       |       |       ||     1
         Distracted        |       |       |       |       |       |       |     1 |     1 |     2 ||     4
         Confused          |       |       |       |       |       |       |       |     1 |     1 ||     2
         Invisible         |       |       |       |       |       |       |       |     5 |       ||     5
 Armour: Animal skin       |    32 |       |       |       |       |       |       |       |       ||    32
         Chain mail        |    13 |    92 |   145 |       |       |       |       |       |       ||   250
         Ring mail         |     6 |       |       |       |       |       |       |       |       ||     6
         Plate armour      |       |       |    20 |   371 |   675 |   758 |   774 |   235 |       ||  2833
         Gold dragon scale |       |       |       |       |       |       |       |   264 |  1746 ||  2010
         Skin              |       |       |       |       |       |       |       |       |   119 ||   119
         Storm dragon scal |       |       |       |       |       |       |       |       |    66 ||    66
  Dodge: Dodged            |    54 |    60 |    89 |   164 |   390 |   390 |   329 |   209 |   913 ||  2598
  Block: Buckler           |       |       |       |    52 |   239 |       |       |       |       ||   291
         Reflection        |       |       |       |       |    49 |   169 |    83 |    41 |   117 ||   459
         Kite shield       |       |       |       |       |   292 |  1186 |   767 |       |       ||  2245
         Tower shield      |       |       |       |       |       |       |   445 |  1790 |  5666 ||  7901
